Map: Acropolis LE

Players

Cham - Winner!

  • Race: Zerg Zerg
  • Spawn Location: 11:00

HolyHit

  • Race: Protoss Protoss
  • Spawn Location: 5:00

VOD

Have the link to the VOD?

Description

Time

  • Played on: Sept. 6, 2019, 4:02 p.m.
  • Length: 10:06
Show
View Real Time Build Order
Export as new Build Order

Cham Zerg - Winner!

Build Orders: Hatch First 

Get SALT Encoding   

  12  0:00  Drone  
  13  0:08  Drone  
  14  0:17  Overlord  
  14  0:35  Drone x2  
  16  0:47  Hatchery  
  15  0:51  Drone  
  15  0:54  Drone  
  17  0:59  Drone  
  18  1:09  Extractor  
  17  1:14  Spawning Pool  
  17  1:16  Drone  
  17  1:20  Drone  
  18  1:31  Drone  
  19  1:41  Drone  
  20  1:51  Drone  
  21  1:59  Overlord  
  21  2:01  Queen x2  
  21  2:02  Zergling x2  
  26  2:11  Zergling x2, Metabolic Boost  
  26  2:13  Drone  
  28  2:22  Drone  
  29  2:32  Hatchery  
  28  2:37  Drone x2  
  28  2:42  Queen  
  32  2:48  Overlord  
  32  2:51  Drone  
  32  2:54  Drone  
  32  2:58  Drone x2  
  36  3:10  Drone  
  36  3:11  Drone x2  
  39  3:13  Spore Crawler  
  39  3:14  Drone x2  
  39  3:15  Drone  
  39  3:16  Drone  
  42  3:20  Drone  
  42  3:21  Drone  
  42  3:25  Overlord  
  44  3:39  Overlord  
  44  3:43  Queen x2  
  48  3:53  Zergling x16  
  56  4:01  Overlord  
  56  4:02  Zergling x4  
  58  4:07  Roach Warren  
  57  4:12  Overlord  
  57  4:13  Drone  
  57  4:14  Drone x4  
  62  4:18  Drone  
  62  4:19  Drone x2  
  62  4:22  Drone  
  62  4:24  Drone x2  
  67  4:28  Drone x2  
  70  4:32  Drone  
  70  4:33  Drone x2  
  73  4:39  Lair  
  73  4:41  Extractor  
  73  4:42  Extractor, Drone x2  
  73  4:43  Extractor  
  73  4:44  Overlord  
  72  4:49  Drone  
  73  4:53  Overlord  
  73  4:56  Roach x4  
  80  5:00  Overlord  
  80  5:03  Overlord  
  80  5:07  Overlord  
  80  5:08  Roach  
  80  5:09  Roach x2  
  86  5:18  Drone x2  
  86  5:19  Overlord, Drone x2  
  86  5:20  Drone  
  91  5:23  Extractor  
  91  5:25  Overlord  
  91  5:27  Drone x2  
  92  5:32  Overlord  
  92  5:34  Overlord  
  90  5:43  Overseer  
  89  5:50  Drone x10  
  96  5:57  Spire  
  96  5:58  Overseer  
  96  6:02  Drone x2  
  95  6:11  Glial Reconstitution, Drone, Hatchery  
  93  6:20  Overlord  
  93  6:21  Drone x2  
  93  6:22  Drone x2  
  97  6:29  Roach  
  99  6:36  Hatchery  
  98  6:40  Roach x3  
  98  6:42  Overlord, Extractor  
  103  6:47  Roach  
  103  6:48  Roach x3  
  103  6:50  Overlord  
  110  6:56  Drone x2  
  112  7:04  Drone  
  112  7:06  Overlord  
  113  7:11  Overlord  
  113  7:12  Roach  
  113  7:13  Roach x4  
  123  7:18  Roach  
  123  7:20  Overlord  
  123  7:22  Ravager  
  126  7:23  Overlord  
  126  7:25  Ravager x4  
  126  7:26  Ravager  
  126  7:28  Roach  
  133  7:32  Roach  
  133  7:35  Roach  
  137  7:44  Roach x7  
  140  7:56  Roach x5  
  143  8:06  Roach  
  143  8:07  Roach x3  
  143  8:12  Zergling x2, Roach x8  
  167  8:19  Overseer  
  149  8:29  Roach  
  149  8:30  Roach x5  
  160  8:37  Zergling x10  
  160  8:38  Ravager x2  
  160  8:39  Ravager  
  160  8:40  Overseer  
  168  8:47  Zergling x2, Roach x3  
  175  8:54  Ravager x2  
  175  8:55  Zergling x4, Roach x2  
  183  9:00  Ravager  
  183  9:01  Roach x3  
  190  9:04  Roach  
  186  9:18  Roach  
  186  9:19  Roach x6  
  186  9:20  Zergling x4  
  175  9:33  Roach x2  
  175  9:34  Roach x4  
Show
View Real Time Build Order
Export as new Build Order

HolyHit Protoss 

Build Orders: 1 Gate Expand, Archon Immortal 

Get SALT Encoding   

  12  0:00  Probe  
  13  0:12  Probe  
  14  0:18  Pylon  
  14  0:24  Probe  
  15  0:32  Probe  
  15  0:38  Gateway  
  15  0:40  Probe  
  16  0:47  Assimilator  
  17  0:51  Probe  
  18  1:03  Probe  
  19  1:15  Probe  
  20  1:23  Nexus  
  20  1:34  Cybernetics Core  
  20  1:36  Probe  
  21  1:42  Assimilator  
  21  1:48  Probe  
  21  1:51  Pylon  
  22  1:58  Probe  
  22  2:01  Stalker  
  23  2:07  Probe  
  23  2:12  Warp Gate  
  23  2:15  Probe  
  27  2:26  Robotics Facility  
  27  2:27  Probe  
  28  2:32  Probe  
  28  2:34  Adept  
  31  2:39  Probe  
  31  2:40  Probe  
  32  2:50  Probe  
  33  2:52  Probe  
  35  3:02  Immortal, Probe  
  35  3:04  Gateway  
  35  3:05  Probe  
  37  3:14  Probe  
  37  3:17  Probe  
  43  3:22  Twilight Council  
  43  3:26  Probe  
  44  3:29  Pylon  
  44  3:32  Warp Prism, Probe  
  46  3:48  Probe  
  46  3:49  Gateway  
  46  3:54  Gateway  
  48  4:04  Dark Shrine  
  48  4:08  Immortal  
  51  4:10  Probe  
  51  4:11  Probe  
  51  4:14  Assimilator  
  53  4:18  Assimilator  
  53  4:22  Probe  
  54  4:28  Pylon  
  54  4:34  Pylon  
  54  4:40  Observer  
  54  4:42  Pylon  
  54  4:46  Probe  
  54  4:47  Adept x2  
  54  4:49  Adept  
  62  4:57  Probe  
  63  5:00  Probe  
  64  5:10  Nexus  
  64  5:13  Pylon  
  64  5:20  Dark Templar x3  
  64  5:21  Dark Templar  
  72  5:25  Charge  
  72  5:27  Probe  
  73  5:35  Forge  
  73  5:39  Immortal  
  73  5:43  Probe  
  73  5:45  Probe  
  79  5:55  Probe  
  80  5:59  Probe  
  80  6:00  Protoss Ground Weapons Level 1  
  80  6:01  Dark Templar  
  79  6:12  Immortal  
  79  6:14  Gateway  
  79  6:15  Shield Battery  
  79  6:20  Gateway  
  79  6:21  Probe  
  79  6:24  Dark Templar  
  79  6:25  Probe  
  86  6:29  Probe  
  88  6:35  Archon  
  88  6:36  Archon  
  88  6:38  Sentry x2  
  92  6:45  Gateway  
  92  6:47  Gateway, Probe  
  92  6:48  Probe  
  92  6:50  Probe  
  95  6:55  Sentry  
  95  6:56  Gateway  
  95  6:59  Probe  
  95  7:00  Probe, Sentry  
  101  7:12  Pylon  
  101  7:14  Pylon  
  101  7:17  Probe  
  101  7:26  Pylon  
  101  7:28  Pylon  
  101  7:31  Observer  
  101  7:33  Zealot x4  
  98  7:39  Dark Templar x2  
  98  7:45  Zealot x2  
  97  7:55  Zealot x5  
  97  7:57  Probe  
  94  8:07  Probe  
  94  8:09  Zealot x2  
  94  8:11  Immortal  
  83  8:24  Probe  
  83  8:25  Probe  
  81  8:27  Probe  
  81  8:29  Stargate  
  81  8:32  Probe  
  81  8:33  Probe  
  80  8:39  Probe  
  80  8:40  Assimilator  
  80  8:41  Probe x2  
  81  8:42  Assimilator  
  81  8:44  Dark Templar  
  85  8:50  Immortal  
  85  8:51  Probe  
  85  8:53  Probe x2  
  92  8:56  Zealot x2  
  92  9:00  Photon Cannon  
  96  9:03  Probe  
  96  9:05  Probe x2  
  96  9:09  Zealot x2  
  103  9:13  Sentry  
  103  9:15  Sentry  
  101  9:23  Sentry x2  
  99  9:26  Zealot x2  
  99  9:30  Zealot  
  95  9:34  Shield Battery  
  81  9:42  Zealot x3  
  75  9:48  Zealot  
  75  9:49  Zealot x2  
  70  9:54  Zealot  
Tags
 
Add a new tag
Caveats
  • Supply blocks, unpowered buildings, or Contaminate may cause inaccurate times.
  • Supply counts are checked every 10 seconds.